 Dungeon Crawl Stone Soup version 0.27.1-33-g824d729ab1 (webtiles) character file.

Game seed: 3136791410205511067

327 halfoni the Chopper (level 6, -4/49 HPs)
             Began as a Human Berserker on Dec 18, 2021.
             Was a Believer of Trog.
             Slain by a yak (6 damage)
             ... on level 4 of the Dungeon.
             The game lasted 00:06:20 (4672 turns).

halfoni the Chopper (Human Berserker)               Turns: 4672, Time: 00:06:21

Health: -4/49      AC: 10    Str: 20    XL:     6   Next: 79%
Magic:  6/6        EV:  8    Int: 13    God:    Trog [**....]
Gold:   139        SH:  0    Dex: 12    Spells: 5/5 levels left

rFire    . . .     SeeInvis .   a - +0 hand axe
rCold    . . .     Faith    .   (no shield)
rNeg     . . .     Spirit   .   o - +0 chain mail
rPois    .         Reflect  .   (no helmet)
rElec    .         Harm     .   k - +0 cloak
rCorr    .         Rampage  .   (no gloves)
Will     +....                  (no boots)
Stlth    ..........             (no amulet)
HPRegen  0.16/turn              c - ring of willpower
MPRegen  0.10/turn              r - +6 ring of intelligence

@: on berserk cooldown, slowed, very slow
A: no striking features
a: Renounce Religion, Berserk, Trog's Hand


You were on level 4 of the Dungeon.
You worshipped Trog.
Trog was pleased with you.
You visited 1 branch of the dungeon, and saw 4 of its levels.

You collected 139 gold pieces.

Inventory:

Hand Weapons
 a - a +0 hand axe (weapon)
 n - a +0 short sword
Armour
 k - a +0 cloak (worn)
 o - a +0 chain mail (worn)
Jewellery
 c - a ring of willpower (left hand)
 r - a +6 ring of intelligence (right hand)
Wands
 q - a wand of iceblast (8)
Scrolls
 d - 2 scrolls of fog {unknown}
 e - 6 scrolls of identify {unknown}
 h - a scroll of brand weapon {unknown}
 m - a scroll of enchant armour {unknown}
Potions
 b - a potion of degeneration {unknown}
 f - a potion of cancellation {unknown}
 g - a potion of brilliance {unknown}
 i - 2 potions of mutation {unknown}
 j - 2 potions of lignification {unknown}
 l - 2 potions of attraction {unknown}
 p - a potion of flight {unknown}


   Skills:
 + Level 4.3 Fighting
 + Level 5.0 Axes
 + Level 3.3 Armour
 + Level 3.2 Dodging


You had 5 spell levels left.
You didn't know any spells.
Your spell library was empty.

Dungeon Overview and Level Annotations

Branches:
Dungeon (4/15)
 Temple: D:4-7

Altars:
Yredelemnul

Shops:
D:1 [


Message History

The adder barely misses you. x2
You hit the adder.
The adder is almost dead.
The adder bites you.
You are poisoned.
The adder poisons you! The adder completely misses you.
You slash the adder!
You kill the adder!
Trog accepts your kill.
You feel sick.
Your Axes skill increases to level 5!
You hit the yak but do no damage.
You feel sick. The yak gores you.
You slash the yak!
The yak is moderately wounded.
You feel sick. The yak gores you but does no damage.
The yak completely misses you.
You hit the yak.
The yak is moderately wounded.
You feel sick.
You are no longer poisoned.
The yak gores you.
You hit the yak but do no damage.
The yak is moderately wounded.
The yak gores you! The yak gores you but does no damage.
You barely miss the yak.
The yak is moderately wounded.
The yak barely misses you. The yak gores you!
* * * LOW HITPOINT WARNING * * *
You slash the yak!
The yak is heavily wounded.
The yak gores you!
* * * LOW HITPOINT WARNING * * *
You hit the yak.
The yak is heavily wounded.
The yak gores you but does no damage. The yak gores you.
* * * LOW HITPOINT WARNING * * *
You hit the yak.
The yak is heavily wounded.
The yak gores you.
You die...

..... #...# #... #...#
#.# #...##...# #.#
##...#....##### #.#
..............# #.#
####.....####.# #.#
#!.##...## [#.# #.#
#...##.## ..#.####.#
#Yo.#@# ..##.#....#
#.Z#Y#ZZ##..#.##.#
#Sog###...#.##.#
........8Z........##.#
....###...###.....##.#
.. '#.#'.##..#.##.#
..#.#...##.#.##.#
..##.##...#.#.##.# ?.#
... #..#.#.##.#


You could see a yak, an adder, an orc, an adder zombie and a hobgoblin.

Vanquished Creatures
  A necrophage (D:4)
  Crazy Yiuf (D:2)
  An iguana (D:4)
  2 orc wizards (D:4)
  A gnoll (D:1)
  7 adders
  An ufetubus (D:4)
  An adder skeleton (D:4)
  2 dart slugs
  7 orcs
  5 endoplasms
  3 giant cockroaches
  4 goblins
  6 hobgoblins
  3 ball pythons
  4 bats
  2 frilled lizards (D:1)
  2 kobolds
  2 rats (D:1)
55 creatures vanquished.

Notes
Turn   | Place    | Note
-------+----------+-------------------------------------------
     0 | D:1      | halfoni the Human Berserker began the quest for the Orb.
     0 | D:1      | Reached XP level 1. HP: 18/18 MP: 1/1
   183 | D:1      | Found Var Buveuh's Armour Shop.
   438 | D:1      | Reached XP level 2. HP: 24/24 MP: 2/2
   602 | D:1      | Reached XP level 3. HP: 13/29 MP: 3/3
  2158 | D:2      | Found a runed translucent door.
  2159 | D:2      | Noticed Crazy Yiuf
  2190 | D:2      | Reached XP level 4. HP: 37/37 MP: 4/4
  2291 | D:2      | Found a basalt altar of Yredelemnul.
  2625 | D:2      | Killed Crazy Yiuf
  3111 | D:3      | Reached skill level 4 in Axes
  3111 | D:3      | Reached XP level 5. HP: 42/42 MP: 5/5
  3303 | D:3      | Found a faded altar of an unknown god.
  3747 | D:4      | Noticed a necrophage
  3767 | D:4      | Killed a necrophage
  3768 | D:4      | Reached XP level 6. HP: 48/48 MP: 6/6
  3813 | D:4      | Reached ** piety under Trog
  4629 | D:4      | Noticed a yak
  4665 | D:4      | Reached skill level 5 in Axes
  4670 | D:4      | HP: 2/49 [yak (8)]
  4672 | D:4      | Slain by a yak

Illustrated notes

Levels and vault maps discovered:
D:1:      eino_arrival_tree_alley, layout_loops_corners, serial_shops,
          nicolae_shop_behind_doors
D:2:      layout_basic, basic_altar, uniq_crazy_yiuf_cottage
D:3:      layout_basic, chequers_ecumenical_altar_island
D:4:      cheibrodos_barr_body, layout_basic, uniq_natasha

Skill      XL: |  1  2  3  4  5  6 |
---------------+-------------------+-----
Axes           | 4 5 |  5.0
Fighting       | 4 |  4.3
Dodging        | 3 |  3.2
Armour         | 3 |  3.3

Action                   |  1- 3 |  4- 6 || total
-------------------------+-------+-------++-------
Melee: Hand axe          |    60 |   154 ||   214
Invok: Berserk           |     3 |     5 ||     8
 Stab: Sleeping          |     1 |       ||     1
Armor: Animal skin       |     9 |       ||     9
       Ring mail         |       |     6 ||     6
       Chain mail        |       |    80 ||    80
Dodge: Dodged            |    38 |    83 ||   121
